 Dungeon Sprint DCSS version 0.19-b1-4-gd8a0a2a (webtiles) character file.

1241 varam the Blocker (level 8, -2/74 HPs)
             Began as a Troll Fighter on Oct 30, 2016.
             Was a Follower of Okawaru.
             Slain by a demonic crawler (13 damage)
             ... in the Dungeon (Sprint I: "Red Sonja").
             The game lasted 00:02:14 (601 turns).

varam the Blocker (Troll Fighter)                    Turns: 601, Time: 00:02:14

Health: -2/74      AC:  5    Str: 25    XL:     8   Next: 25%
Magic:  7/7        EV: 12    Int:  4    God:    Okawaru [*.....]
Gold:   405        SH: 12    Dex: 11    Spells: 0 memorised, 7 levels left

rFire  . . .     SeeInvis .       - Unarmed
rCold  . . .     Gourm    +     a - +0 robe
rNeg   . . .     Faith    .     b - +0 shield
rPois  .         Spirit   .     (helmet restricted)
rElec  .         Reflect  .     (no cloak)
rCorr  .         Harm     .     (gloves unavailable)
MR     .....     NoTele   +     (boots unavailable)
Stlth  +.........               (no amulet)
                                (no ring)
                                (no ring)

@: no status effects
A: unfitting armour, claws 3, fast metabolism 3, gourmand, regeneration 1,
shaggy fur 1, tough skin 2
a: Heroism, Renounce Religion


You were in the Dungeon.
You worshipped Okawaru.
Okawaru was aware of your devotion.
You were hungry.

You visited 1 branch You collected 405 gold pieces.

Inventory:

Armour
 a - a +0 robe (worn)
 b - a +0 shield (worn)
Scrolls
 j - a scroll of blinking
 l - a scroll of enchant armour {unknown}
Potions
 c - a potion of might
 e - a potion of curing {@q1}
 f - a potion of heal wounds
 g - a potion of haste
 h - 2 potions of magic
 i - a potion of berserk rage
Comestibles
 d - 2 bread rations
 k - a beef jerky


   Skills:
 - Level 2.4 Fighting
 + Level 5.2 Dodging
 + Level 11.6 Shields
 + Level 10.9 Unarmed Combat


You had 7 spell levels left.
You didn't know any spells.

Dungeon Overview and Level Annotations

Branches:
Dungeon (1/1)

Altars:
Cheibriados
Dithmenos
Elyvilon
Fedhas
Gozag
Hepliaklqana
Kikubaaqudgha
Makhleb
Nemelex Xobeh
Okawaru
Qazlal
Ru
Sif Muna
Trog
Uskayaw
Vehumet
Xom
Yredelemnul
Zin
The Shining One
Jiyva
Lugonu

Shops:
D (


Innate Abilities, Weirdness & Mutations

You are too large for most types of armour.
You have claws for hands.
Your metabolism is lightning-fast.
You like to eat raw meat.
Your natural rate of healing is unusually fast.
You are covered in fur. (AC +1)
You have very tough skin. (AC +2)


Message History

The demonic crawler is lightly wounded.
The demonic crawler hits you! You block the demonic crawler's attack.
The demonic crawler hits you.
The demonic crawler hits you but does no damage.
The demonic crawler barely misses you. The demonic crawler hits you.
You barely miss the demonic crawler.
The demonic crawler is moderately wounded.
The demonic crawler hits you.
* * * LOW HITPOINT WARNING * * *
You block the demonic crawler's attack. The demonic crawler hits you.
* * * LOW HITPOINT WARNING * * *
The demonic crawler barely misses you.
The demonic crawler hits you but does no damage.
You block the demonic crawler's attack.
The demonic crawler hits you but does no damage.
The demonic crawler hits you!
* * * LOW HITPOINT WARNING * * *
You block the demonic crawler's attack. The demonic crawler hits you!
You die...

########################
.#..)..#..'..#__#s.s)..#
.)..#..').#..'..@ss#...##+#
.#####'#####'#__####...'..#
.####..#...#.#### #####..+
.#__####..##.# ##
.#_____##'#..+
⌠#_.∩...'..._#
##_..__##_.#+# #_____###+#
#######


You could see 4 demonic crawlers.

Vanquished Creatures
  2 kobold demonologists (D)
  A slime creature (D)
  A yak (D)
  Sigmund (D)
  A floating eye (D)
  An ogre (D)
  A jelly (D)
  Ijyb (D)
9 creatures vanquished.

Notes
Turn   | Place    | Note
-------+----------+-------------------------------------------
     0 | D        | varam the Troll Fighter began the quest for the Orb.
     0 | D        | Reached XP level 1. HP: 22/22 MP: 0/0
     1 | D        | Noticed Ijyb
    13 | D        | Killed Ijyb
    13 | D        | Reached XP level 2. HP: 26/29 MP: 1/1
    19 | D        | Noticed an ogre
    28 | D        | Killed an ogre
    28 | D        | Reached skill level 6 in Shields
    28 | D        | Reached XP level 3. HP: 13/36 MP: 2/2
    28 | D        | Reached XP level 4. HP: 16/44 MP: 3/3
   162 | D        | Noticed Sigmund
   172 | D        | Killed Sigmund
   172 | D        | Reached skill level 8 in Shields
   172 | D        | Reached XP level 5. HP: 47/50 MP: 4/4
   202 | D        | Found a deep blue altar of Sif Muna.
   204 | D        | Found a radiant altar of Vehumet.
   208 | D        | Reached skill level 9 in Shields
   208 | D        | Reached XP level 6. HP: 56/59 MP: 5/5
   217 | D        | Found Werchoofe's Antique Weapon Emporium.
   217 | D        | Found an ancient bone altar of Kikubaaqudgha.
   217 | D        | Found a stormy altar of Qazlal.
   217 | D        | Found a blossoming altar of Fedhas.
   217 | D        | Found a bloodstained altar of Trog.
   217 | D        | Found an iron altar of Okawaru.
   217 | D        | Found a glowing golden altar of the Shining One.
   217 | D        | Found a glowing silver altar of Zin.
   217 | D        | Found a white marble altar of Elyvilon.
   217 | D        | Noticed a yak
   224 | D        | Killed a yak
   224 | D        | Reached skill level 10 in Shields
   225 | D        | Found a hazy altar of Hepliaklqana.
   225 | D        | Found a hide-covered altar of Uskayaw.
   225 | D        | Found a basalt altar of Yredelemnul.
   225 | D        | Found an opulent altar of Gozag.
   225 | D        | Found a snail-covered altar of Cheibriados.
   225 | D        | Found a sacrificial altar of Ru.
   225 | D        | Found a shadowy altar of Dithmenos.
   226 | D        | Found a sparkling altar of Nemelex Xobeh.
   232 | D        | Became a worshipper of Warmaster Okawaru
   431 | D        | Found a burning altar of Makhleb.
   431 | D        | Found a viscous altar of Jiyva.
   431 | D        | Found a shimmering altar of Xom.
   431 | D        | Found a corrupted altar of Lugonu.
   431 | D        | Noticed a slime creature
   437 | D        | Killed a slime creature
   437 | D        | Reached XP level 7. HP: 46/66 MP: 6/6
   481 | D        | Noticed a kobold demonologist
   482 | D        | Noticed a kobold demonologist
   488 | D        | Killed a kobold demonologist
   488 | D        | Reached * piety under Okawaru
   488 | D        | Reached skill level 11 in Shields
   488 | D        | Reached skill level 10 in Unarmed Combat
   490 | D        | Paralysed by a floating eye for 4 turns
   492 | D        | Noticed a neqoxec
   498 | D        | Killed a kobold demonologist
   498 | D        | Reached XP level 8. HP: 57/74 MP: 7/7
   500 | D        | Paralysed by a floating eye for 2 turns
   503 | D        | Reached skill level 5 in Dodging
   590 | D        | Noticed a demonic crawler
   590 | D        | Noticed a demonic crawler
   590 | D        | Noticed a demonic crawler
   590 | D        | Noticed a demonic crawler
   601 | D        | Slain by a demonic crawler

Skill      XL: |  1  2  3  4  5  6  7  8 |
---------------+-------------------------+-----
Unarmed Combat | 6 7 8 9 10 | 10.9
Shields        | 6 8 9 10 11 | 11.6
Dodging        | 4 5 |  5.2
Fighting       | |  2.4

Action                   |  1- 3 |  4- 6 |  7- 9 || total
-------------------------+-------+-------+-------++-------
Melee: Unarmed           |    19 |    19 |    19 ||    57
  Eat: Chunk             |       |     2 |       ||     2
Armor: Robe              |     1 |     1 |    10 ||    12
Dodge: Dodged            |     6 |     4 |    12 ||    22
Block: Shield            |     3 |     6 |    11 ||    20
